 Dungeon Crawl Stone Soup version 0.27-a0-277-g024f7ef292 (webtiles) character file.

Game seed: 1981961462764763978

32774 gimp the Geomancer (level 13, 0/111 HPs)
             Began as a Troll Earth Elementalist on Feb 6, 2021.
             Was an Initiate of Gozag.
             Slain by a sixfirhy (14 damage)
             ... summoned by an orc high priest
             ... on level 2 of the Orcish Mines.
             The game lasted 00:59:27 (17596 turns).

gimp the Geomancer (Troll Earth Elementalist)      Turns: 17596, Time: 00:59:28

Health: 0/111      AC: 15    Str: 24    XL:     13   Next: 33%
Magic:  15/15      EV: 10    Int: 15    God:    Gozag
Gold:   1320       SH: 10    Dex: 10    Spells: 1/16 levels left

rFire    + . .     SeeInvis .     - Unarmed
rCold    + . .     Faith    .   Q - +0 kite shield "Orchyrr" {rC+ rCorr Stlth-}
rNeg     . . .     Spirit   .   T - +1 animal skin {rC+}
rPois    +         Reflect  .   i - +2 hat of Day {Str+5}
rElec    .         Harm     .   I - +1 cloak {rPois}
rCorr    +         Rampage  .   (gloves unavailable)
Will     .....                  (boots unavailable)
Stlth    ..........             e - amulet of magic regeneration
HPRegen  0.68/turn              y - ring of fire
MPRegen  0.39/turn              B - +4 ring of protection

@: no status effects
A: large, unfitting armour, claws 3, regeneration 1, shaggy fur 1, tough skin 3
a: Renounce Religion, Potion Petition, Call Merchant, Bribe Branch


You were on level 2 of the Orcish Mines.
You worshipped Gozag.
Gozag was most pleased with you.
You visited 3 branches of the dungeon, and saw 15 of its levels.
You also visited: Ice Cave and Volcano.

You collected 4226 gold pieces.
You spent 2112 gold pieces at shops.
You paid 794 gold pieces to Gozag.

Inventory:

Hand Weapons
 r - a +1 hand axe of flaming
Missiles
 a - a throwing net
 b - 69 stones
 q - 60 poisoned darts
 s - 2 curare-tipped darts
Armour
 i - the +2 hat of Day (worn) {Str+5}
   (You bought it in a shop on level 11 of the Dungeon)

   It affects your strength (+5).
 I - a +1 cloak of poison resistance (worn)
 Q - the +0 kite shield "Orchyrr" (worn) {rC+ rCorr Stlth-}
   (You bought it in a shop on level 9 of the Dungeon)

   It protects you from cold.
   It provides partial protection from all sources of acid and corrosion.
   It makes you less stealthy.
 T - a +1 animal skin of cold resistance (worn)
Magical Staves
 P - an uncursed staff of poison
Jewellery
 e - an amulet of magic regeneration (around neck)
 k - an uncursed ring of ice
 y - a ring of fire (left claw)
 A - an uncursed ring of protection from cold
 B - a +4 ring of protection (right claw)
 F - an uncursed ring of wizardry
 S - the ring of Geptepn {+Inv rN+ MP+9 Stlth-}
   (You found it in an ice cave)

   [ring of magical power]

   It protects you from negative energy.
   It affects your magic capacity (+9).
   It lets you turn invisible.
   It makes you less stealthy.
Wands
 w - a wand of polymorph (17)
 J - a wand of iceblast (15)
 O - a wand of paralysis (7)
Scrolls
 f - 6 scrolls of teleportation
 j - 3 scrolls of remove curse
 n - 2 scrolls of amnesia
 t - 4 scrolls of fear
 v - 3 scrolls of magic mapping
 G - 7 scrolls of fog
 K - a scroll of blinking
 M - 2 scrolls of identify
Potions
 d - 3 potions of brilliance
 g - a potion of resistance
 h - 4 potions of might
 l - a potion of ambrosia
 m - a potion of haste
 o - a potion of berserk rage
 p - a potion of magic
 u - 2 potions of invisibility
 x - a potion of lignification
 z - 3 potions of flight
 D - 5 potions of curing
 R - a potion of mutation


   Skills:
 - Level 3.0 Fighting
 - Level 5.0 Dodging
 - Level 1.0 Stealth
 + Level 5.6 Shields
 + Level 9.7 Unarmed Combat
 - Level 2.0 Spellcasting
 - Level 5.0 Conjurations
 * Level 9.0 Transmutations
 - Level 12.0 Earth Magic


You had one spell level left.
You knew the following spells:

 Your Spells              Type           Power        Failure   Level
a - Stone Arrow           Conj/Erth      54%          4%          3
b - Sandblast             Erth           74%          1%          1
c - Petrify               Tmut/Erth      33%          6%          4
d - Lee's Rapid Deconstr  Erth           18%          9%          5
e - Passwall              Tmut/Erth      27%          1%          2

Your spell library contained the following spells:

 Spells                   Type           Power        Failure   Level


Dungeon Overview and Level Annotations

Branches:
Dungeon (12/15)            Temple (1/1) D:7            Lair (0/6) D:11
    Orc (2/2) D:11            Elf (0/3) Orc:2         IceCv (visited)
Volcano (visited)

Altars:
Ashenzari
Cheibriados
Dithmenos
Elyvilon
Fedhas
Gozag
Hepliaklqana
Kikubaaqudgha
Makhleb
Nemelex Xobeh
Okawaru
Qazlal
Ru
Sif Muna
Trog
Uskayaw
Vehumet
Wu Jian
Xom
Yredelemnul
Zin
The Shining One
Beogh

Shops:
D:4 *   D:7 (   D:9 ???[*   D:11 [   Orc:1 :   Orc:2 (=

Annotations:
D:12 exclusion: orange crystal statue


Innate Abilities, Weirdness & Mutations

You are too large for most types of armour.
You have claws for hands.
Your natural rate of healing is unusually fast.
You are covered in fur. (AC +1)
You have extremely tough skin. (AC +3)


Message History

The orc high priest mumbles some strange prayers to Beogh against you.
Beogh smites you!
You take 24 damage, and have 36/111 hp.
MASSIVE DAMAGE!!
The sixfirhy hits you but does no damage. x2
You block the sixfirhy's attack.
You see here a +0 club.
The sixfirhy hits you but does no damage.
Things that are here:
a +0 robe; a +0 dagger The sixfirhy hits you.
The sixfirhy shocks you!
* * * LOW HITPOINT WARNING * * *
The sixfirhy closely misses you. The sixfirhy hits you.
* * * LOW HITPOINT WARNING * * *
The sixfirhy shocks you!
* * * LOW HITPOINT WARNING * * *
There is a stone staircase leading up, spattered with blood here.
You take 26 damage, and have 14/111 hp.
MASSIVE DAMAGE!!
The sixfirhy hits you!
You die...
Your body crumbles into a pile of gold.

.........#.## ###...^....##.#.
#...........# ###...........#..#
#........#.## ##............#....
#........######.................o
.#........##.....#..............)
.......#.##......................
..........#...#..................
.............##[)(..[........<.).
....[.....#.####@3).[o.........(.
........##### ##[.4.............
........#.*****#...#)............
...........,*,*##.###............
............,,,*####..4..........
.......#....,,** ##............
............,,,* ##...........#
............,,** ##.....o.....##
.............######....#.....###.


You could see a rust devil (summoned), a sixfirhy (summoned) and an orc.

Vanquished Creatures
  A frost giant (IceCv)
  An orc warlord (D:11)
  Josephine (Orc:2)
  A two-headed ogre (Orc:2)
  5 orc high priests
  Urug (D:11)
  An orc knight (Orc:1)
  An orc sorcerer (Orc:1)
  5 ugly things
  2 cyclopes
  A manticore (D:11)
  An ice statue (IceCv)
  Maurice (D:8)
  2 gargoyles
  4 rime drakes
  9 polar bears (IceCv)
  2 trolls
  A shadow (D:12)
  A water elemental (D:12)
  6 wraiths
  5 fire bats
  A wyvern (D:9)
  22 yaks
  Eustachio (D:6)
  6 wargs
  2 sky beasts
  14 orc warriors
  3 black bears
  2 ice beasts
  14 ogres
  17 wolves (IceCv)
  7 centaurs
  3 phantoms
  3 big kobolds
  5 bullfrogs
  2 gnoll sergeants (D:9)
  A water moccasin zombie (D:7)
  3 scorpions
  2 troll zombies (D:11)
  26 wights
  8 killer bees
  An electric eel (D:12)
  2 jellies
  A centaur zombie (D:8)
  A hound (D:5)
  6 lava snakes (Volcano)
  29 orc priests
  A quasit (D:9)
  A bullfrog zombie (D:8)
  6 centaur skeletons
  2 bullfrog skeletons
  9 worker ants
  19 orc wizards
  4 ogre zombies (D:11)
  A hound zombie (D:6)
  2 worker ant zombies
  13 gnolls
  2 howler monkey skeletons
  11 adders
  3 shadow imps
  A white imp (D:8)
  2 ufetubi
  An ooze (D:4)
  2 adder skeletons
  An adder zombie (D:6)
  5 worms
  2 dart slugs
  4 leopard geckos
  71 orcs
  A ball python (D:3)
  8 giant cockroaches
  7 hobgoblins
  11 jackals
  6 quokkas
  5 bats
  7 frilled lizards
  4 goblins
  A goblin skeleton (D:11)
  3 goblin zombies (D:11)
  4 hobgoblin zombies (D:11)
  A jackal skeleton (D:4)
  23 kobolds
  A leopard gecko skeleton (D:4)
  3 orc skeletons (D:11)
  8 orc zombies (D:11)
  5 rats
495 creatures vanquished.

Vanquished Creatures (collateral kills)
  An orc warrior (D:11)
  A phantom (D:11)
  A wight (D:11)
3 creatures vanquished.

Vanquished Creatures (others)
  A rime drake (IceCv)
  A wolf (IceCv)
  An orc priest (Orc:2)
  An orc wizard (Orc:2)
  An orc (Orc:2)
5 creatures vanquished.

Grand Total: 503 creatures vanquished

Notes
Turn   | Place    | Note
-------+----------+-------------------------------------------
     0 | D:1      | gimp the Troll Earth Elementalist began the quest for the
                  | Orb.
     0 | D:1      | Reached XP level 1. HP: 16/16 MP: 1/1
   349 | D:1      | Reached skill level 3 in Earth Magic
   349 | D:1      | Reached XP level 2. HP: 26/26 MP: 0/2
  1048 | D:2      | Reached skill level 1 in Unarmed Combat
  1048 | D:2      | Reached XP level 3. HP: 18/32 MP: 3/3
  1072 | D:1      | Learned a level 3 spell: Stone Arrow
  1103 | D:2      | Reached skill level 1 in Fighting
  1446 | D:2      | Found a sparkling altar of Nemelex Xobeh.
  1687 | D:3      | Found a snail-covered altar of Cheibriados.
  1698 | D:3      | Reached XP level 4. HP: 41/41 MP: 0/4
  2076 | D:3      | Reached skill level 1 in Conjurations
  2554 | D:4      | Noticed a phantom
  2572 | D:4      | Killed a phantom
  2573 | D:4      | Reached skill level 4 in Earth Magic
  2573 | D:4      | Reached XP level 5. HP: 37/49 MP: 1/5
  2603 | D:4      | Found Willomni's General Store.
  2609 | D:4      | Bought a potion of curing for 30 gold pieces
  2609 | D:4      | Bought a scroll of magic mapping for 35 gold pieces
  2609 | D:4      | Bought a potion of heal wounds for 50 gold pieces
  2716 | D:4      | Noticed an ogre
  2726 | D:4      | Killed an ogre
  2727 | D:4      | Reached XP level 6. HP: 57/57 MP: 3/6
  3292 | D:5      | Entered Level 5 of the Dungeon
  3371 | D:5      | Reached XP level 7. HP: 65/65 MP: 7/7
  3380 | D:5      | Learned a level 4 spell: Petrify
  3473 | D:5      | Reached skill level 5 in Earth Magic
  3522 | D:5      | Found a stormy altar of Qazlal.
  3562 | D:5      | Found an ornate altar of the Wu Jian Council.
  3900 | D:5      | Reached XP level 8. HP: 48/74 MP: 5/8
  4446 | D:6      | Noticed Eustachio
  4455 | D:6      | Killed Eustachio
  4499 | D:6      | Reached skill level 6 in Earth Magic
  5300 | D:7      | Found Beyklus's Weapon Shoppe.
  5565 | D:7      | Found a staircase to the Ecumenical Temple.
  5574 | Temple   | Entered the Ecumenical Temple
  5675 | Temple   | Became a worshipper of Gozag Ym Sagoz the Greedy
  5964 | D:8      | Reached XP level 9. HP: 81/81 MP: 6/9
  6011 | D:8      | Noticed a cyclops
  6011 | D:8      | Noticed a troll
  6059 | D:8      | Killed a troll
  6060 | D:8      | Reached skill level 5 in Conjurations
  6060 | D:8      | Reached skill level 7 in Earth Magic
  6140 | D:7      | Killed a cyclops
  6141 | D:7      | Reached skill level 5 in Unarmed Combat
  6305 | D:8      | Reached skill level 1 in Transmutations
  6461 | D:8      | Reached skill level 8 in Earth Magic
  6900 | D:8      | Noticed Maurice
  6913 | D:8      | Killed Maurice
  6914 | D:8      | Reached XP level 10. HP: 88/91 MP: 5/10
  7165 | D:8      | Found a hide-covered altar of Uskayaw.
  7394 | D:9      | Found Huidu's Magic Scroll Emporium.
  7398 | D:9      | Bought a scroll of blinking for 97 gold pieces
  7398 | D:9      | Bought a scroll of fog for 26 gold pieces
  7398 | D:9      | Bought a scroll of fear for 45 gold pieces
  7398 | D:9      | Bought a scroll of identify for 26 gold pieces
  7398 | D:9      | Bought a scroll of identify for 26 gold pieces
  7614 | D:9      | Found Vaconiss's Magic Scroll Boutique.
  7624 | D:9      | Bought a scroll of identify for 28 gold pieces
  7631 | D:9      | Bought a scroll of identify for 28 gold pieces
  7640 | D:9      | Found Siom's Magic Scroll Boutique.
  7648 | D:9      | Bought a scroll of teleportation for 48 gold pieces
  7648 | D:9      | Bought a scroll of identify for 32 gold pieces
  7648 | D:9      | Bought a scroll of identify for 32 gold pieces
  7648 | D:9      | Bought a scroll of identify for 32 gold pieces
  7846 | D:9      | Reached skill level 9 in Earth Magic
  8041 | D:9      | Found Oloinuym's Assorted Antiques.
  8048 | D:9      | Bought a scroll of identify for 58 gold pieces
  8048 | D:9      | Bought a scroll of identify for 58 gold pieces
  8048 | D:9      | Bought a scroll labelled GECANTOSMY for 29 gold pieces
  8048 | D:9      | Bought a lead wand for 116 gold pieces
  8054 | D:9      | Found Ufiabru's Armour Emporium.
  8077 | D:10     | Entered Level 10 of the Dungeon
  8307 | D:10     | Noticed a gargoyle
  8321 | D:10     | Killed a gargoyle
  8528 | D:10     | Reached skill level 5 in Dodging
  8615 | D:9      | Bought the cursed +0 kite shield "Orchyrr" {rC+ rCorr
                  | Stlth-} for 334 gold pieces
  9086 | D:10     | Found a sacrificial altar of Ru.
  9457 | D:11     | Found a staircase to the Lair.
  9457 | D:11     | Noticed a gargoyle
  9458 | D:11     | Noticed Urug
  9513 | D:11     | Noticed a red ugly thing
  9532 | D:11     | Killed a red ugly thing
  9533 | D:11     | Reached skill level 1 in Shields
  9550 | D:11     | Killed a gargoyle
  9551 | D:11     | Reached XP level 11. HP: 36/97 MP: 7/12
  9558 | D:11     | Killed Urug
  9559 | D:11     | Reached skill level 5 in Transmutations
  9731 | D:11     | Found a staircase to the Orcish Mines.
  9991 | D:11     | Reached skill level 10 in Earth Magic
 10233 | D:11     | Found Guzod's Antique Armour Boutique.
 10250 | D:11     | Bought a spiked hat for 306 gold pieces
 10261 | D:11     | Identified the +2 hat of Day {Str+5} (You bought it in a
                  | shop on level 11 of the Dungeon)
 10853 | D:11     | Found a bloodstained altar of Trog.
 11118 | D:12     | Noticed an orange crystal statue
 11135 | D:12     | Noticed a red ugly thing
 11184 | D:11     | Killed a red ugly thing
 11604 | D:12     | Noticed a cyan ugly thing
 11661 | D:12     | Killed a cyan ugly thing
 12004 | D:12     | Noticed a purple ugly thing
 12005 | D:12     | Noticed a purple ugly thing
 12016 | D:12     | Killed a purple ugly thing
 12041 | D:12     | Killed a red ugly thing
 12273 | D:9      | Bought a scroll of acquirement for 676 gold pieces
 12274 | D:9      | Acquired a +0 cloak of poison resistance
 12704 | D:11     | Found a shimmering altar of Xom.
 12792 | Orc:1    | Entered Level 1 of the Orcish Mines
 12921 | Orc:1    | Found Doihoum's Book Shop.
 12930 | Orc:1    | Found a frozen archway.
 12984 | Orc:1    | Noticed an orc warlord
 12992 | IceCv    | Entered an ice cave
 13106 | IceCv    | Learned a level 5 spell: Lee's Rapid Deconstruction
 13290 | IceCv    | Reached XP level 12. HP: 91/105 MP: 8/14
 13411 | IceCv    | Reached skill level 11 in Earth Magic
 13964 | IceCv    | Noticed a frost giant
 14005 | IceCv    | Killed a frost giant
 14247 | IceCv    | Got a heavily runed tin ring
 14266 | IceCv    | Identified the ring of Geptepn {+Inv rN+ MP+9 Stlth-} (You
                  | found it in an ice cave)
 14340 | Orc:1    | You fall into a shaft and drop 1 floor!
 14340 | Orc:2    | Entered Level 2 of the Orcish Mines
 14341 | Orc:2    | fuck
 14461 | Orc:2    | Noticed Josephine
 14491 | Orc:2    | Killed Josephine
 14668 | Orc:2    | Found a dark tunnel.
 14716 | Volcano  | Entered a volcano
 15083 | Volcano  | Learned a level 2 spell: Passwall
 15088 | Volcano  | Found a burning altar of Makhleb.
 15291 | Orc:2    | Noticed an orc high priest
 15347 | Orc:2    | Killed an orc high priest
 15348 | Orc:2    | Reached skill level 12 in Earth Magic
 15533 | Orc:2    | Noticed a two-headed ogre
 15556 | Orc:2    | Killed a two-headed ogre
 15865 | Orc:1    | Found a roughly hewn altar of Beogh.
 16032 | D:11     | Reached XP level 13. HP: 81/111 MP: 15/15
 16085 | D:11     | Reached skill level 5 in Shields
 16236 | D:11     | Killed an orc warlord
 17549 | Orc:2    | Found a roughly hewn altar of Beogh.
 17572 | Orc:2    | Found Kojiny's Antique Weapon Boutique.
 17572 | Orc:2    | Found Hieluirr's Jewellery Emporium.
 17596 | Orc:2    | Slain by a sixfirhy

Illustrated notes

## ..... ..##
####.....
....###.#......
.....#.........
...............
...............
$..............
.......@.......
.......$.......
...............
.............$.
...............
...............
#..............
...............


Turn 14341 on Orc:2: fuck

Levels and vault maps discovered:
D:1:      lightli_arrival_maybe_door_vault, layout_basic
D:2:      layout_rooms, general_overflow_altar
D:3:      layout_loops_ring, cheibriados_altar_1, minmay_close_crescents
D:4:      layout_basic, serial_shops, shop_fountains
D:5:      layout_basic, nzn_wu_jian_contemplation, basic_altar
D:6:      layout_basic, uniq_eustachio
D:7:      layout_rooms, minmay_temple_entry_slanted, serial_shops,
          nicolae_shop_waterfront
D:8:      kennysheep_big_flooded_room, layout_basic,
          lemuel_coloured_pillars_altar, uniq_maurice
D:9:      layout_rooms, serial_shops, shop_statue, kennysheep_little_box, shop,
          nicolae_shop_trees, nicolae_shop_behind_doors
D:10:     layout_irregular_city, nicolae_ru_path_of_blood
D:11:     lemuel_upstairs_altar, layout_cave_pools, lair_entry_dummy,
          zombieorc1_lemuel, serial_shops, shop, grunt_ministairs_4,
          david_defended_altar_orc, uniq_urug
D:12:     layout_long_grid, kennysheep_diamond, minmay_protected_statue
Temple:   compressed_dpeg_circular_temple
Orc:1:    layout_caves, serial_shops,
          nicolae_shop_temple_entry_statues_fountains, portal_ice_cave_rime,
          basic_altar, minmay_orc_barracks
Orc:2:    st_orc_town, layout_caves, nicolae_volcano_entry_batcave,
          uniq_josephine

Skill      XL: |  1  2  3  4  5  6  7  8  9 10 11 12 13 |
---------------+----------------------------------------+-----
Earth Magic    | 3 4 5 6 8 9 10 12 | 12.0
Unarmed Combat | 1 2 3 4 5 6 8 9 |  9.7
Fighting       | 1 2 3 |  3.0
Conjurations   | 1 2 3 4 5 |  5.0
Dodging        | 2 4 5 |  5.0
Transmutations | 2 4 6 8 9 |  9.0
Shields        | 1 3 4 5 |  5.6
Spellcasting   | 2 |  2.0
Stealth        | |  1.0

Action                   |  1- 3 |  4- 6 |  7- 9 | 10-12 | 13-15 || total
-------------------------+-------+-------+-------+-------+-------++-------
Melee: Unarmed           |    76 |    59 |   186 |   731 |   133 ||  1185
       Punch             |       |       |     6 |    12 |       ||    18
Throw: Dart              |       |     2 |     3 |       |       ||     5
 Cast: Sandblast         |    41 |    73 |   175 |   112 |       ||   401
       Stone Arrow       |       |     1 |     5 |   227 |    52 ||   285
       Petrify           |       |       |     6 |    25 |    16 ||    47
       Lee's Rapid Decon |       |       |       |     7 |     1 ||     8
Invok: Potion Petition   |       |       |       |     3 |       ||     3
Evoke: Wand              |       |       |       |    15 |     4 ||    19
  Use: Scroll            |       |    12 |     4 |    17 |       ||    33
       Potion            |       |       |       |    17 |       ||    17
 Stab: Sleeping          |     2 |       |     1 |       |       ||     3
       Petrified         |       |       |    17 |    88 |    26 ||   131
       Paralysed         |       |       |       |    12 |       ||    12
       Distracted        |       |       |       |     4 |       ||     4
       Invisible         |       |       |       |     3 |       ||     3
Armor: Robe              |    47 |    27 |   123 |   197 |       ||   394
       Skin              |       |       |       |   159 |       ||   159
       Animal skin       |       |       |       |    74 |    36 ||   110
Dodge: Dodged            |    43 |    46 |   124 |   314 |    46 ||   573
Block: Kite shield       |       |       |       |   227 |    57 ||   284

Table legend: (Time is in decaauts)
 A = Elapsed time spent in this place.
 B = Non-inter-level travel time spent in this place.
 C = Inter-level travel time spent in this place.
 D = Time resting spent in this place.
 E = Time spent auto-exploring this place.
 F = Levels seen in this place.
 G = Mean time per level.
                   A        B        C        D        E       F      G
               +--------+--------+--------+--------+--------+-----+--------+
         Total |  17558 |  16576 |    982 |   1238 |  10202 |  17 | 1032.8 |
       Dungeon |  13010 |  12115 |    895 |    529 |   8408 |  12 | 1084.2 |
        Temple |    129 |     75 |     54 |      0 |     73 |   1 |  129.0 |
  Orcish Mines |   2711 |   2679 |     32 |    519 |    810 |   2 | 1355.5 |
      Ice Cave |   1299 |   1299 |      0 |    151 |    711 |   1 | 1299.0 |
       Volcano |    407 |    407 |      0 |     37 |    200 |   1 |  407.0 |
               +--------+--------+--------+--------+--------+-----+--------+

Top non-repeatable levels by time:
    D:11: 2155 daAuts
    D:10: 1454 daAuts
   Orc:2: 1409 daAuts
     D:8: 1356 daAuts
   Orc:1: 1302 daAuts
   IceCv: 1299 daAuts
    D:12: 1257 daAuts
     D:5: 1108 daAuts
     D:1: 1031 daAuts
     D:9: 919 daAuts
     D:3: 867 daAuts
     D:6: 799 daAuts
     D:4: 791 daAuts
     D:7: 672 daAuts
     D:2: 598 daAuts
